Map: Data-C

Players

soO

  • Race: Zerg Zerg
  • Spawn Location: 3:00

Harstem - Winner!

  • Race: Protoss Protoss
  • Spawn Location: 9:00

Event: DreamHack SC2 Masters 2022 Atlanta (Offline)

VOD

Have the link to the VOD?

Description

Time

  • Played on: Nov. 18, 2022, 3:04 p.m.
  • Length: 18:53

All games in this series

Show
View Real Time Build Order
Export as new Build Order

soO Zerg 

Build Orders: Hatch First 

Get SALT Encoding   

  12  0:00  Drone  
  13  0:11  Overlord  
  13  0:16  Drone  
  14  0:30  Drone x2  
  16  0:47  Hatchery  
  15  0:51  Drone  
  15  0:55  Drone  
  17  0:58  Drone  
  18  1:09  Extractor  
  17  1:13  Spawning Pool  
  17  1:16  Drone  
  17  1:19  Drone  
  18  1:27  Drone  
  19  1:38  Drone  
  20  1:48  Drone  
  21  2:00  Queen x2  
  21  2:01  Zergling x4  
  27  2:10  Overlord  
  27  2:12  Metabolic Boost  
  27  2:13  Drone  
  28  2:28  Drone  
  29  2:30  Drone  
  29  2:31  Drone x2  
  32  2:39  Hatchery  
  31  2:45  Queen  
  31  2:49  Overlord  
  33  2:53  Drone  
  33  2:54  Drone  
  33  2:57  Drone  
  36  3:03  Overlord  
  36  3:08  Drone x3  
  36  3:12  Queen  
  39  3:18  Drone x2  
  43  3:20  Zergling x2  
  43  3:24  Queen  
  46  3:27  Drone  
  46  3:29  Zergling x2  
  48  3:36  Drone  
  48  3:38  Drone  
  48  3:39  Drone x2  
  52  3:43  Overlord  
  52  3:50  Spore Crawler  
  52  3:51  Drone x3  
  52  3:53  Queen  
  52  3:54  Drone  
  57  3:55  Drone  
  57  3:59  Evolution Chamber  
  57  4:06  Drone  
  57  4:08  Spore Crawler  
  56  4:12  Drone x3, Overlord  
  59  4:17  Overlord  
  59  4:20  Drone, Overlord  
  60  4:25  Zerg Melee Weapons Level 1  
  60  4:26  Drone x2  
  62  4:33  Drone x2  
  62  4:34  Drone  
  62  4:35  Overlord  
  62  4:37  Drone x3  
  68  4:42  Lair  
  68  4:43  Drone  
  69  4:47  Drone x3  
  69  4:49  Drone  
  69  4:50  Drone  
  69  4:51  Drone  
  69  4:52  Drone  
  74  4:55  Drone x2  
  76  5:05  Hatchery  
  75  5:09  Drone x2  
  75  5:10  Drone  
  75  5:11  Drone x2, Extractor  
  75  5:12  Drone, Extractor  
  75  5:13  Drone, Extractor  
  79  5:15  Drone  
  79  5:16  Drone  
  79  5:18  Spore Crawler, Drone x2  
  79  5:20  Drone  
  83  5:22  Drone x2  
  83  5:25  Extractor  
  84  5:30  Zergling x10  
  84  5:31  Baneling Nest  
  84  5:32  Extractor  
  87  5:36  Overlord  
  87  5:41  Drone  
  87  5:42  Hydralisk Den  
  87  5:45  Drone  
  87  5:46  Drone x3  
  91  5:52  Drone x3  
  91  5:53  Drone  
  91  5:56  Drone  
  96  5:58  Overlord  
  95  6:12  Grooved Spines, Hydralisk  
  95  6:13  Hydralisk x4  
  95  6:15  Overlord x2  
  95  6:16  Overlord  
  95  6:18  Queen, Drone x2  
  107  6:19  Drone  
  107  6:21  Spore Crawler  
  107  6:22  Hydralisk x2  
  107  6:25  Hydralisk x2  
  113  6:32  Centrifugal Hooks, Overlord  
  116  6:33  Drone  
  116  6:35  Drone x2  
  116  6:36  Drone  
  119  6:40  Zergling x16  
  127  6:48  Zergling x4, Zerg Melee Weapons Level 2  
  127  6:49  Hydralisk  
  127  6:51  Hydralisk  
  127  6:52  Zergling x6  
  136  6:56  Zergling x4  
  136  7:01  Extractor, Overlord  
  138  7:02  Hydralisk  
  138  7:03  Overlord  
  138  7:04  Hydralisk x2  
  138  7:07  Zergling x2  
  144  7:09  Overlord  
  144  7:12  Overseer, Overlord  
  144  7:14  Overlord  
  144  7:20  Drone x3  
  144  7:21  Drone x2  
  149  7:24  Muscular Augments, Hydralisk x2  
  149  7:25  Zergling x4  
  149  7:29  Zergling x10, Hatchery  
  159  7:39  Baneling x17  
  159  7:40  Zergling x8  
  163  7:46  Zergling x14  
  170  7:53  Zergling x2, Baneling x9  
  170  7:54  Zergling x6  
  151  8:21  Zergling x2  
  151  8:22  Zergling x24  
  151  8:26  Zergling x2, Hydralisk x2  
  157  8:35  Zergling x24, Infestation Pit  
  157  8:39  Baneling x8  
  157  8:41  Drone x2  
  170  8:46  Zergling x2  
  170  8:47  Zergling x4  
  171  8:53  Zergling x8  
  167  8:58  Zergling x2  
  167  8:59  Overlord  
  164  9:05  Zerg Missile Weapons Level 1  
  164  9:08  Zergling x20  
  164  9:09  Zergling x8  
  178  9:11  Baneling x18  
  178  9:15  Zergling x6  
  181  9:24  Zergling x2  
  181  9:25  Zergling x8  
  174  9:38  Zergling x26  
  169  9:48  Zergling x6  
  169  9:57  Zergling x2  
  169  9:58  Zergling x20, Infestation Pit  
  179  10:02  Hydralisk  
  179  10:03  Hydralisk  
  171  10:08  Zergling x10  
  171  10:13  Drone x2  
  177  10:16  Spine Crawler  
  177  10:18  Baneling x42  
  177  10:21  Zergling x16  
  181  10:23  Hatchery  
  181  10:28  Drone  
  184  10:34  Zergling x22  
  195  10:38  Baneling x10  
  186  10:54  Baneling x8  
  186  10:55  Zergling x26, Baneling x6  
  195  10:57  Hive  
  195  11:01  Overlord  
  195  11:11  Zergling x22  
  172  11:21  Hydralisk x2  
  172  11:22  Zergling x16  
  172  11:25  Baneling x14  
  178  11:26  Baneling x10  
  178  11:28  Zergling x14  
  185  11:36  Baneling x23  
  185  11:39  Zergling x16  
  179  12:00  Hydralisk x2  
  179  12:01  Zergling x36  
  178  12:05  Zergling x14  
  178  12:07  Zergling x2  
  171  12:10  Zergling x4  
  171  12:11  Hydralisk  
  162  12:22  Zerg Melee Weapons Level 3, Adrenal Glands  
  158  12:24  Baneling x16  
  158  12:27  Drone  
  158  12:29  Drone x2  
  161  12:31  Zergling x18  
  170  12:37  Baneling  
  170  12:38  Baneling x10  
  170  12:40  Zergling x12  
  170  12:44  Overseer  
  176  12:53  Drone  
  176  12:56  Baneling x11  
  176  12:57  Zergling x26  
  190  13:03  Baneling x6  
  190  13:06  Zergling x16  
  194  13:16  Zergling x12  
  190  13:28  Spire  
  186  13:38  Baneling x18  
  165  13:53  Hydralisk x4  
  165  13:54  Hydralisk x2  
  165  13:55  Zergling x34  
  189  14:08  Hydralisk  
  189  14:09  Zergling x16  
  170  14:15  Unknown  
  165  14:22  Zergling x36  
  183  14:24  Baneling x9  
  183  14:25  Baneling x6  
  183  14:33  Baneling x7  
  183  14:35  Zergling x20  
  193  14:49  Baneling x12  
  192  14:53  Hatchery  
  192  14:59  Zerg Missile Weapons Level 2  
  180  15:04  Zergling x2  
  180  15:05  Zergling x38  
  180  15:06  Zergling x4  
  165  15:16  Zergling x22  
  176  15:22  Baneling x6  
  176  15:36  Baneling x17  
  176  15:42  Zergling x30  
  191  15:43  Zergling x6  
  191  15:46  Overseer  
  193  15:51  Overlord  
  193  15:52  Overlord  
  193  16:01  Baneling x20  
  191  16:13  Corruptor x2  
  191  16:14  Corruptor  
  197  16:22  Drone  
  197  16:28  Corruptor  
  197  16:29  Corruptor  
  198  16:33  Zerg Flyer Weapons Level 1  
  198  16:34  Drone  
  198  16:36  Spore Crawler, Drone  
  198  16:37  Spore Crawler  
  198  16:39  Spore Crawler  
  197  16:42  Corruptor  
  188  17:20  Zergling x36  
  177  17:29  Corruptor x8  
  195  17:31  Zergling x8  
  195  17:36  Spore Crawler  
  194  17:37  Spore Crawler, Baneling  
  194  17:38  Spore Crawler, Baneling x5  
  194  17:40  Zergling x28  
  200  17:47  Baneling  
  200  17:48  Baneling x24  
  200  18:05  Baneling x8  
  159  18:19  Zergling x72  
  147  18:28  Zergling x14  
  132  18:34  Zergling x2  
  132  18:35  Zergling x10  
Show
View Real Time Build Order
Export as new Build Order

Harstem Protoss - Winner!

Build Orders: 1 Gate Expand, Oracle Opening, Carriers, Zealot Archon 

Get SALT Encoding   

  12  0:00  Probe  
  13  0:12  Probe  
  14  0:18  Pylon  
  14  0:24  Probe (Chrono Boost)  
  15  0:36  Probe (Chrono Boost)  
  15  0:39  Gateway  
  16  0:45  Probe (Chrono Boost)  
  16  0:47  Assimilator  
  17  0:51  Probe  
  18  1:03  Probe  
  19  1:15  Probe  
  20  1:25  Nexus  
  20  1:35  Cybernetics Core  
  20  1:38  Probe  
  21  1:44  Assimilator  
  21  1:50  Probe  
  21  1:54  Pylon  
  22  2:03  Probe (Chrono Boost)  
  23  2:09  Adept (Chrono Boost)  
  23  2:15  Probe (Chrono Boost)  
  26  2:17  Stargate  
  26  2:24  Probe (Chrono Boost)  
  26  2:27  Warp Gate  
  27  2:31  Probe (Chrono Boost)  
  30  2:37  Probe (Chrono Boost)  
  30  2:42  Stalker  
  32  2:46  Probe (Chrono Boost)  
  32  2:47  Probe (Chrono Boost)  
  33  2:52  Probe (Chrono Boost)  
  33  2:53  Probe  
  35  3:01  Oracle (Chrono Boost)  
  35  3:02  Pylon  
  39  3:05  Probe  
  39  3:06  Probe  
  40  3:17  Probe  
  40  3:18  Probe  
  42  3:29  Probe  
  42  3:30  Probe  
  42  3:31  Oracle  
  47  3:37  Nexus  
  47  3:42  Probe  
  47  3:43  Pylon  
  47  3:47  Probe  
  49  3:54  Assimilator  
  50  3:56  Probe (Chrono Boost)  
  50  3:59  Probe (Chrono Boost), Assimilator  
  51  4:03  Shield Battery  
  52  4:11  Probe (Chrono Boost)  
  52  4:12  Probe (Chrono Boost)  
  52  4:16  Forge  
  53  4:17  Adept, Twilight Council  
  53  4:18  Probe x2  
  57  4:25  Pylon  
  57  4:30  Probe (Chrono Boost)  
  59  4:34  Probe (Chrono Boost)  
  59  4:42  Probe (Chrono Boost)  
  59  4:45  Sentry  
  63  4:46  Probe (Chrono Boost)  
  63  4:47  Probe (Chrono Boost)  
  63  4:48  Gateway  
  63  4:49  Gateway  
  63  4:51  Probe (Chrono Boost)  
  65  4:56  Gateway  
  65  4:58  Protoss Ground Weapons Level 1  
  65  4:59  Probe (Chrono Boost)  
  67  5:01  Robotics Facility  
  67  5:02  Probe (Chrono Boost)  
  67  5:03  Probe (Chrono Boost)  
  67  5:04  Charge  
  69  5:08  Probe (Chrono Boost)  
  69  5:09  Probe (Chrono Boost)  
  69  5:10  Probe (Chrono Boost)  
  71  5:16  Assimilator  
  71  5:18  Probe (Chrono Boost)  
  71  5:21  Probe (Chrono Boost), Assimilator  
  74  5:22  Probe (Chrono Boost), Pylon  
  74  5:25  Templar Archives  
  75  5:28  Zealot  
  75  5:30  Probe (Chrono Boost)  
  75  5:32  Probe (Chrono Boost)  
  75  5:35  Probe x2 (Chrono Boost)  
  79  5:38  Probe (Chrono Boost)  
  81  5:43  Probe  
  82  5:51  Nexus  
  82  5:53  Pylon  
  82  5:54  Pylon  
  82  6:01  Gateway  
  82  6:02  Gateway, High Templar x2  
  82  6:03  High Templar x2, Pylon  
  90  6:09  Archon, Photon Cannon  
  90  6:10  Phoenix (Chrono Boost)  
  90  6:13  Probe x2  
  90  6:15  Archon  
  90  6:17  Observer (Chrono Boost), Probe  
  96  6:19  Shield Battery  
  96  6:21  Gateway  
  96  6:25  Probe, Psionic Storm  
  97  6:27  Shield Battery  
  97  6:31  Gateway  
  97  6:37  Probe, High Templar  
  97  6:39  Probe, High Templar  
  103  6:40  Pylon  
  103  6:41  Zealot x2  
  107  6:48  Probe  
  107  6:49  Probe  
  107  6:51  Gateway  
  109  6:56  Gateway, High Templar  
  109  6:57  High Templar  
  109  6:59  Pylon  
  109  7:01  Assimilator  
  113  7:04  Assimilator  
  113  7:05  Pylon  
  113  7:08  Photon Cannon  
  113  7:10  Probe (Chrono Boost)  
  113  7:11  Protoss Ground Weapons Level 2 (Chrono Boost)  
  113  7:14  Photon Cannon  
  113  7:15  Photon Cannon  
  115  7:17  High Templar  
  115  7:18  Probe (Chrono Boost)  
  117  7:27  Warp Prism (Chrono Boost)  
  117  7:30  Pylon  
  117  7:35  High Templar x2  
  117  7:36  Zealot x4  
  131  7:41  Archon, Pylon  
  131  7:46  Zealot x2  
  131  7:49  Pylon  
  135  7:54  High Templar  
  135  7:56  High Templar  
  139  8:02  Gateway  
  139  8:03  Pylon  
  139  8:04  High Templar  
  139  8:05  High Templar  
  139  8:13  Archon  
  139  8:15  Probe  
  139  8:16  Probe  
  133  8:24  Zealot x5  
  142  8:28  Immortal (Chrono Boost)  
  142  8:29  Probe  
  144  8:39  Gateway  
  144  8:41  High Templar x2, Pylon  
  144  8:42  Gateway  
  144  8:43  Photon Cannon  
  144  8:46  Zealot x4  
  152  8:49  Pylon  
  152  8:52  Assimilator  
  150  8:56  Photon Cannon  
  150  8:58  High Templar x2  
  150  9:00  Probe  
  143  9:03  Probe  
  143  9:06  Archon  
  143  9:07  Photon Cannon, High Templar x2  
  143  9:08  High Templar x2  
  143  9:09  Shield Battery  
  150  9:11  Zealot, Pylon  
  150  9:12  Probe, Pylon  
  150  9:14  Archon  
  150  9:15  Archon, Gateway  
  153  9:25  Probe  
  154  9:33  Stalker  
  154  9:34  Stalker x2  
  154  9:37  Zealot x2  
  157  9:48  Zealot  
  155  9:54  Zealot x3  
  155  9:55  Probe  
  155  9:57  Pylon, Fleet Beacon  
  162  10:02  Warp Prism (Chrono Boost)  
  162  10:04  Stargate  
  162  10:05  Stargate, Pylon  
  146  10:08  Pylon  
  146  10:09  Pylon  
  146  10:12  High Templar, Assimilator, Protoss Air Weapons Level 1  
  146  10:13  High Templar x3  
  148  10:20  Archon  
  148  10:24  Gateway  
  148  10:26  Observer (Chrono Boost)  
  149  10:31  High Templar x2  
  149  10:32  Zealot x4  
  161  10:37  Archon  
  157  10:58  Gateway  
  157  11:01  Gateway  
  157  11:03  Gateway  
  157  11:05  Sentry  
  157  11:06  Stalker x5  
  157  11:10  Zealot x2  
  165  11:11  Probe (Chrono Boost)  
  165  11:12  Probe (Chrono Boost)  
  165  11:14  Probe (Chrono Boost)  
  151  11:23  Probe (Chrono Boost)  
  151  11:25  Probe (Chrono Boost)  
  147  11:26  Probe (Chrono Boost)  
  147  11:28  Probe (Chrono Boost)  
  147  11:30  Gateway  
  147  11:31  Gateway  
  149  11:33  Probe (Chrono Boost), Gateway  
  149  11:34  Photon Cannon, Probe (Chrono Boost)  
  149  11:35  Probe (Chrono Boost)  
  149  11:37  Probe (Chrono Boost)  
  152  11:42  Probe (Chrono Boost)  
  152  11:44  Probe x3 (Chrono Boost)  
  152  11:47  Probe (Chrono Boost)  
  152  11:48  Stalker  
  152  11:50  Probe  
  146  12:00  High Templar x2  
  146  12:01  High Templar x2  
  134  12:04  Archon  
  134  12:05  Zealot x3  
  134  12:10  Carrier (Chrono Boost)  
  128  12:17  Carrier (Chrono Boost)  
  128  12:19  Probe x2 (Chrono Boost)  
  128  12:20  Probe (Chrono Boost)  
  131  12:25  Probe (Chrono Boost)  
  133  12:30  Probe x2 (Chrono Boost), Pylon x2  
  133  12:32  Gateway  
  133  12:33  Pylon  
  133  12:34  Zealot x2  
  133  12:35  High Templar x2  
  133  12:36  High Templar x2  
  145  12:39  Archon  
  145  12:41  Archon  
  145  12:44  Carrier (Chrono Boost)  
  145  12:45  Probe x2  
  145  12:48  Observer  
  151  12:51  Zealot  
  151  12:52  Zealot  
  159  13:07  Zealot x2  
  159  13:10  Carrier (Chrono Boost)  
  161  13:14  High Templar x2  
  161  13:19  Archon, Pylon  
  169  13:22  Photon Cannon  
  169  13:23  Carrier (Chrono Boost)  
  169  13:25  Zealot x3  
  167  13:28  Gateway  
  167  13:30  Pylon  
  167  13:34  Stalker  
  163  13:37  Stalker  
  162  13:49  Zealot x4  
  161  14:11  Protoss Ground Weapons Level 3 (Chrono Boost)  
  161  14:12  Zealot  
  161  14:13  Zealot x5  
  171  14:26  High Templar  
  171  14:27  Assimilator  
  174  14:31  Observer (Chrono Boost)  
  174  14:34  High Templar x5  
  184  14:39  Archon  
  184  14:41  Archon  
  184  14:42  Archon x2  
  184  14:43  Probe  
  185  14:47  Zealot  
  187  14:56  Archon  
  187  14:57  Carrier  
  185  15:05  Zealot  
  164  15:09  High Templar x3  
  164  15:12  Zealot x3  
  172  15:14  Probe  
  172  15:19  Observer (Chrono Boost)  
  172  15:21  Protoss Air Weapons Level 2 (Chrono Boost)  
  174  15:31  Gateway  
  174  15:34  High Templar, Pylon  
  176  15:36  Gateway  
  176  15:39  Photon Cannon  
  176  15:41  Observer  
  174  15:50  High Templar  
  174  15:56  Carrier (Chrono Boost)  
  176  15:59  Zealot x4  
  184  16:07  High Templar  
  184  16:10  Photon Cannon  
  186  16:12  Gateway  
  188  16:25  Carrier (Chrono Boost)  
  188  16:28  Shield Battery  
  188  16:29  Pylon  
  188  16:31  Carrier (Chrono Boost)  
  184  16:33  Pylon  
  188  16:40  Photon Cannon  
  188  16:42  Shield Battery  
  188  16:43  Zealot x2  
  190  16:53  Observer  
  197  16:55  Carrier (Chrono Boost)  
  191  17:11  Zealot x3  
  189  17:23  High Templar x2  
  189  17:24  Zealot x2  
  189  17:26  Observer  
  189  17:27  Pylon  
  193  17:37  Nexus  
  193  17:40  High Templar  
  193  17:41  Observer  
  195  17:50  Zealot  
  197  17:59  High Templar x2  
  197  18:04  Archon  
  193  18:19  Zealot x5  
  187  18:24  Archon  
  187  18:25  Archon x2  
  179  18:29  Zealot  
  177  18:36  Pylon  
  171  18:47  High Templar x3  
  157  18:50  High Templar  
Tags
 
Add a new tag
Caveats
  • Supply blocks, unpowered buildings, or Contaminate may cause inaccurate times.
  • Supply counts are checked every 10 seconds.